 Dungeon Crawl Stone Soup version 0.31-a0-1458-g2f8d4710b4 (webtiles) character file.

Game seed: 4631984493094486325

18 woodlu009 the Poker (level 2, -1/25 HPs)
             Began as a Hill Orc Reaver on Dec 28, 2023.
             Slain by a goblin
             ... wielding a +0 dagger
             ... led by Robin
              (3 damage)
             ... on level 2 of the Dungeon.
             The game lasted 00:12:27 (399 turns).

woodlu009 the Poker (Hill Orc Reaver)                Turns: 399, Time: 00:12:28

Health: -1/25      AC:  6    Str: 14    XL:     2   Next: 66%
Magic:  4/4        EV:  9    Int: 13    God:
Gold:   20         SH:  0    Dex:  9    Spells: 3/4 levels left

rFire   + . .        a - +0 spear
rCold   . . .        (no shield)
rNeg    . . .        i - +0 scale mail {rF+}
rPois   .            (no helmet)
rElec   .            (no cloak)
rCorr   .            (no gloves)
SInv    .            (no boots)
Will    .....        (no amulet) Stlth
                     (no ring)
HPRegen 0.24/turn    (no ring)
MPRegen 0.09/turn

%: no passive effects
@: no status effects
A: no striking features
a: no special abilities


You were on level 2 of the Dungeon.
You visited 1 branch of the dungeon, and saw 2 of its levels.

You collected 20 gold pieces.

Inventory:

Hand Weapons
 a - a +0 spear (weapon)
 c - a +0 short sword
 e - a +0 whip
 j - a +0 club
 k - a +0 dagger
Missiles
 h - 7 stones
Armour
 b - a +1 leather armour
 d - a +0 ring mail
 f - a +0 ring mail
 i - a +0 scale mail of fire resistance (worn)


   Skills:
 + Level 2.6 Fighting
 + Level 3.6 Polearms
 + Level 0.1 Armour
 + Level 1.6 Dodging
 + Level 1.7 Spellcasting
 + Level 3.3 Conjurations


You had 3 spell levels left.
You knew the following spells:

 Your Spells              Type           Power      Damage    Failure   Level
a - Kiss of Death         Conj/Necr      20%        2d7       52%         1

Your spell library contained the following spells:

 Spells                   Type           Power      Damage    Failure   Level
 Momentum Strike          Conj/Tloc      10%        3d8       67%         2
 Hailstorm                Conj/Ice       5%         3d5       88%         3


Dungeon Overview and Level Annotations

Branches:
Dungeon (2/15)

Altars:

Annotations:
D:2 Robin


Message History

The goblin hits you with a +0 club.
You closely miss the goblin. The goblin hits you with a +0 club.
* * * LOW HITPOINT WARNING * * *
The goblin barely misses you. x2
You feel much better. The goblin hits you with a +0 club.
The goblin hits you but does no damage. The goblin barely misses you.
You hit the goblin.
The goblin is heavily wounded.
The goblin no longer looks unusually strong.
The goblin hits you with a +0 club. The goblin hits you with a +0 dagger.
The goblin hits you with a +0 club.
You closely miss the goblin. The goblin hits you with a +0 club.
* * * LOW HITPOINT WARNING * * *
The goblin barely misses you. The goblin hits you with a +0 club.
* * * LOW HITPOINT WARNING * * *
You hit the goblin.
The goblin is moderately wounded.
The goblin misses you. The goblin hits you but does no damage.
Robin roars a battlecry!
The goblins go into a battle-frenzy!
The goblin barely misses you.
You hit the goblin.
You kill the goblin!
The goblin no longer looks unusually strong.
The goblin hits you with a +0 club.
* * * LOW HITPOINT WARNING * * *
Robin roars a battlecry!
The goblin goes into a battle-frenzy!
You hit the goblin but do no damage.
The goblin is moderately wounded.
The goblin misses you. The goblin hits you but does no damage.
You hit the goblin.
The goblin is severely wounded.
The goblin hits you but does no damage. x2
Robin laughs in a distinctly smug fashion.
You barely miss the goblin.
The goblin is severely wounded.
The goblin hits you but does no damage. x2
The goblin hits you with a +0 dagger.
You die...

# .. # #. .# ....
#. .##. #.... #..
... #..... ... #.#
#.....# #..
#.###.......
#...###gg.........
#g@ggg...#.....
##g#gr.<.....$r
#.#.....##....
#.#.....# .
#.#####... ...
###.. ##. ## .


You could see Robin, a quokka, a hobgoblin (strong) and 6 goblins.

Vanquished Creatures
  2 endoplasms (D:1)
  4 giant cockroaches
  3 goblins
  2 kobolds
  A quokka (D:1)
  A ball python (D:1)
  2 rats (D:1)
15 creatures vanquished.

Notes
Turn   | Place    | Note
-------+----------+-------------------------------------------
     0 | D:1      | woodlu009 the Hill Orc Reaver began the quest for the Orb.
     0 | D:1      | Reached XP level 1. HP: 18/18 MP: 3/3
   238 | D:1      | Reached XP level 2. HP: 25/25 MP: 4/4
   374 | D:2      | Noticed Robin
   396 | D:2      | HP: 1/25 [goblin/+0 club[Robin] (1)]
   399 | D:2      | Slain by a goblin

Illustrated notes

Levels and vault maps discovered:
D:1:      mainiacjoe_arrival_reflecting_pool, layout_loops_cross,
          chequers_serial_rivers_micro_b
D:2:      layout_loops_cross, shapermc_ecumenical_altar_mp_urbaneastern,
          basic_altar, uniq_crazy_yiuf_cottage, uniq_robin

Action                     || total
---------------------------++-------
  Melee: Spear             ||    70
    Use: Scroll            ||     2
         Potion            ||     2
 Armour: Leather armour    ||    23
         Scale mail        ||    45
  Dodge: Dodged            ||    35

Table legend: (Time is in decaauts)
 A = Elapsed time spent in this place.
 B = Non-inter-level travel time spent in this place.
 C = Inter-level travel time spent in this place.
 D = Time resting spent in this place.
 E = Time spent auto-exploring this place.
 F = Levels seen in this place.
 G = Mean time per level.
                   A        B        C        D        E       F      G
               +--------+--------+--------+--------+--------+-----+--------+
         Total |    397 |    173 |    224 |      0 |      0 |   2 |  198.5 |
       Dungeon |    397 |    173 |    224 |      0 |      0 |   2 |  198.5 |
               +--------+--------+--------+--------+--------+-----+--------+

Top non-repeatable levels by time:
     D:1: 368 daAuts
     D:2: 28 daAuts
